 Dungeon Crawl Stone Soup version 0.16-a0-3338-g714714c (webtiles) character file.

814 Minkie the Grappler (level 7, -1/67 HPs)
             Began as a Troll Monk on Dec 28, 2014.
             Killed by nerve-wracking pain
             ... invoked by a shadow imp
              (9 damage)
             ... on level 6 of the Dungeon.
             The game lasted 00:12:05 (3876 turns).

Minkie the Grappler (Troll Monk)                    Turns: 3876, Time: 00:12:05

Health: -1/67      AC:  5    Str: 20    XL:     7   Next: 62%
Magic:  3/3        EV:  6    Int:  6    God:
Gold:   207        SH: 14    Dex: 14    Spells: 0 memorised, 6 levels left

rFire  . . .     SeeInvis .       - Unarmed
rCold  . . .     Clarity  .     a - +0 robe
rNeg   . . .     SustAb   .     o - +0 large shield
rPois  .         Gourm    +     (helmet restricted)
rElec  .         Spirit   .     (no cloak)
rCorr  .         Warding  .     (gloves unavailable)
rMut   .         Stasis   .     (boots unavailable)
MR     .....                    (no amulet)
Stlth  ++........               (no ring)
                                (no ring)

@: not resistant to hostile enchantments, unstealthy
A: unfitting armour, claws 3, fast metabolism 3, gourmand, regeneration 2,
shaggy fur 1, tough skin 2
a: no special abilities


You were on level 6 of the Dungeon.
You were very full.

You visited 1 branch of the dungeon, and saw 6 of its levels.

You collected 207 gold pieces.

Inventory:

Armour
 a - a +0 robe (worn)
 o - a +0 large shield (worn)
Jewellery
 v - a cursed -2 ring of strength {unknown}
Scrolls
 e - a scroll of immolation {unknown}
 g - 4 scrolls of identify {unknown}
 h - a scroll of enchant weapon {unknown}
 i - a scroll of fog {unknown}
 j - 3 scrolls of teleportation {unknown}
 m - 3 scrolls of recharging {unknown}
 p - a scroll of random uselessness {unknown}
 t - 2 scrolls of remove curse {unknown}
 w - a scroll of blinking {unknown}
 y - a scroll of silence {unknown}
 z - a scroll of vulnerability {unknown}
Potions
 k - a potion of ambrosia {unknown}
 l - a potion of invisibility {unknown}
 n - a potion of brilliance {unknown}
 q - a potion of might {unknown}
 r - a potion of magic {unknown}
 s - 4 potions of agility {unknown}
 u - a potion of heal wounds {unknown}
 A - a potion of degeneration {unknown}
Comestibles
 b - 4 meat rations
 c - a slice of pizza
 d - 3 bread rations
 f - a beef jerky
 x - a chunk of flesh


   Skills:
 - Level 3.2 Fighting
 - Level 2.4 Dodging
 - Level 1.1 Stealth
 + Level 3.1 Shields
 * Level 8.2 Unarmed Combat


You had 6 spell levels left.
You didn't know any spells.

Dungeon Overview and Level Annotations

Branches:
Dungeon (6/15)
 Temple: D:4-7

Altars:
Ashenzari
Dithmenos
Elyvilon
Kikubaaqudgha
Nemelex Xobeh
Sif Muna
Yredelemnul
Zin
The Shining One

Annotations:
D:4 Prince Ribbit


Innate Abilities, Weirdness & Mutations

You are too large for most types of armour.
You have claws for hands.
Your metabolism is lightning-fast.
You like to eat raw meat.
You heal very quickly.
You are covered in fur (AC +1).
You have very tough skin (AC +2).


Message History

The ogre hits you with a giant club!!
* * * LOW HITPOINT WARNING * * *
The shadow imp shouts, "Slither away, thou rough-hewn dizzy-eyed tiler!"
You block the shadow imp's attack.
You scratch the ogre but do no damage.
The ogre is almost dead.
The shadow imp hits you but does no damage.
The ogre hits you with a giant club.
* * * LOW HITPOINT WARNING * * *
You mangle the ogre!!
You kill the ogre!
Your Shields skill increases to level 3!
You block the shadow imp's attack. The kobold hits you but does no damage.
You closely miss the shadow imp. You block the shadow imp's attack.
You block the kobold's attack.
You claw the shadow imp!
The shadow imp is severely wounded.
The shadow imp gestures at you. Pain shoots through your body!
You die...

#......#
#......#
########......#
#.............#
#.########.#..#
#......#^.#
#.######..#
#.........#
#######@##
#....?5)K.#
..........#
#.........#
#...?.....#
.........#
........#
.......# ...


You could see a shadow imp and a kobold.

Vanquished Creatures
  2 ogres (D:6)
  A phantom (D:4)
  A centaur (D:5)
  A scorpion (D:5)
  A giant frog skeleton (D:4)
  2 hounds (D:5)
  An orc priest (D:3)
  2 worker ants
  An orc wizard (D:3)
  8 adders
  3 gnolls (D:3)
  A worm (D:2)
  An adder skeleton (D:6)
  2 giant geckos
  2 oozes
  4 orcs (D:3)
  A ball python (D:3)
  7 giant cockroaches
  10 goblins
  6 hobgoblins
  6 jackals (D:1)
  5 quokkas
  14 bats
  7 giant newts
  13 kobolds
  A quokka zombie (D:6)
  11 rats
  A plant (D:1)
115 creatures vanquished.

Notes
Turn   | Place    | Note
--------------------------------------------------------------
     0 | D:1      | Minkie, the Troll Monk, began the quest for the Orb.
     0 | D:1      | Reached XP level 1. HP: 22/22 MP: 1/1
   409 | D:1      | Reached XP level 2. HP: 29/29 MP: 1/1
  1264 | D:2      | Reached XP level 3. HP: 36/36 MP: 2/2
  1536 | D:2      | Reached skill level 5 in Unarmed Combat
  1684 | D:2      | Found a glowing golden altar of the Shining One.
  1764 | D:2      | Reached XP level 4. HP: 45/45 MP: 2/2
  2301 | D:3      | Reached XP level 5. HP: 37/53 MP: 2/2
  2389 | D:3      | Reached skill level 1 in Shields
  2403 | D:3      | Reached skill level 6 in Unarmed Combat
  2749 | D:4      | Found an ancient bone altar of Kikubaaqudgha.
  2750 | D:4      | Found a shadowy altar of Dithmenos.
  2750 | D:4      | Found a white marble altar of Elyvilon.
  2751 | D:4      | Found a shattered altar of Ashenzari.
  2752 | D:4      | Found a deep blue altar of Sif Muna.
  2752 | D:4      | Found a sparkling altar of Nemelex Xobeh.
  2752 | D:4      | Found a basalt altar of Yredelemnul.
  2800 | D:4      | Noticed a phantom
  2822 | D:4      | Killed a phantom
  2822 | D:4      | Reached XP level 6. HP: 46/61 MP: 3/3
  3030 | D:4      | Noticed Prince Ribbit
  3337 | D:5      | Entered Level 5 of the Dungeon
  3370 | D:5      | Reached skill level 7 in Unarmed Combat
  3384 | D:5      | Reached XP level 7. HP: 15/67 MP: 3/3
  3647 | D:5      | Found a glowing silver altar of Zin.
  3863 | D:6      | Reached skill level 8 in Unarmed Combat
  3876 | D:6      | Killed from afar by a shadow imp

Action                   |  1- 3 |  4- 6 |  7- 9 || total
-------------------------+-------+-------+-------++-------
Melee: Unarmed           |   119 |   188 |    49 ||   356
 Stab: Sleeping          |     4 |     3 |       ||     7
  Eat: Chunk             |    16 |    19 |     5 ||    40
